 Dungeon Crawl Stone Soup version 0.18.1-48-g4cf74bf (webtiles) character file.

359 therealfakemoot the Cudgeler (level 6, -6/37 HPs)
             Began as a Gargoyle Fighter on July 19, 2016.
             Mangled by an ogre
             ... wielding a +0 giant spiked club
              (27 damage)
             ... on level 3 of the Dungeon on July 29, 2016.
             The game lasted 00:13:38 (3145 turns).

therealfakemoot the Cudgeler (Gargoyle Fighter)     Turns: 3145, Time: 00:13:39

Health: -6/37      AC: 11    Str: 22    XL:     6   Next: 65%
Magic:  6/6        EV:  9    Int:  8    God:
Gold:   227        SH:  0    Dex:  9    Spells: 0 memorised, 5 levels left

rFire  . . .     SeeInvis .     b - +0 quarterstaff
rCold  . . .     Gourm    .     j - +0 scale mail
rNeg   + . .     Faith    .     (shield currently unavailable)
rPois  ∞         Spirit   .     (no helmet)
rElec  +         Dismiss  .     (no cloak)
rCorr  .         Reflect  .     (no gloves)
SustAt .         Harm     .     (no boots)
MR     .....                    (no amulet)
Stlth  ..........               (no ring)
                                (no ring)

@: not resistant to hostile enchantments, extremely unstealthy
A: negative energy resistance 1, electricity resistance, unbreathing,
petrification resistance, rot immunity, AC +4
a: no special abilities


You were on level 3 of the Dungeon.
You were not hungry.

You visited 1 branch of the dungeon, and saw 3 of its levels.

You collected 227 gold pieces.

Inventory:

Hand Weapons
 a - a +0 flail
 b - a +0 quarterstaff (weapon)
Armour
 j - a +0 scale mail (worn)
Wands
 w - a wand of disintegration (3/24)
 y - a wand of teleportation (2/9)
Scrolls
 e - a scroll of amnesia {unknown}
 h - 3 scrolls of fear {unknown}
 k - 2 scrolls of identify {unknown}
 l - 2 scrolls of enchant armour {unknown}
 n - a scroll of blinking {unknown}
 o - 2 scrolls of teleportation {unknown}
 p - 2 scrolls of fog {unknown}
 s - a scroll of recharging {unknown}
 u - a scroll of magic mapping {unknown}
Potions
 g - a potion of flight {unknown}
 m - a potion of lignification {unknown}
 q - a potion of haste
 r - 4 potions of curing {unknown}
 v - 2 potions of beneficial mutation {unknown}
 x - a potion of heal wounds {unknown}
Comestibles
 c - a slice of pizza
 d - 15 chunks of flesh
 f - 3 bread rations
 i - 2 meat rations
 t - 3 fruits


   Skills:
 - Level 3.2 Fighting
 - Level 5.3(6.0) Maces & Flails
 + Level 4.0(5.3) Staves
 - Level 3.2 Armour
   Level 3.2 Shields


You had 5 spell levels left.
You didn't know any spells.

Dungeon Overview and Level Annotations

Branches:
Dungeon (3/15)

Altars:
Makhleb
Vehumet


Innate Abilities, Weirdness & Mutations

You are resistant to torment.
Your stone body is resilient (AC +4).
You are immune to poison.
You resist negative energy.
You are resistant to electric shocks.
You can survive without breathing.
You are immune to petrification.
You are immune to rotting.


Message History

The gnoll shouts!
The gnoll splashes around in the water.
The gnoll hits you but does no damage.
Things that are here:
a club x2; a gnoll corpse You completely miss the gnoll.
The gnoll hits you but does no damage. The gnoll closely misses you.
You hit the gnoll but do no damage.
The gnoll splashes around in the water.
You thump the gnoll!
The gnoll is severely wounded.
The gnoll barely misses you. The gnoll hits you but does no damage.
The gnoll shouts!
You hit the gnoll.
The gnoll is severely wounded.
The gnoll hits you with a halberd. The gnoll barely misses you.
You hit the gnoll.
The gnoll is almost dead.
The gnoll hits you with a halberd. The gnoll hits you but does no damage.
The ogre hits you with a giant spiked club!!
Ouch! That really hurt!
You die...

##....# #.≈≈ '....+ #.≈≈ #g...#
#+###≈
###########''''#############...#≈
...........................#gg.#≈
≈≈≈≈≈≈≈≈≈≈≈....≈≈≈≈≈≈≈≈≈≈≈≈#####≈
≈≈≈≈≈≈≈≈≈≈≈...g≈≈≈≈≈≈≈≈≈≈≈≈≈≈≈≈≈≈
≈≈≈≈≈≈≈≈≈≈≈...gg≈O≈≈≈≈≈≈≈≈≈≈≈≈≈≈≈
.............ggg@................
## ####.###...###################
#.# ##..## ######.# ##).#
##.<....# ##)# #.......## #†#
....g....# ##.# .........####g.#
..............####


You could see an ogre and 7 gnolls.

Vanquished Creatures
  The ghost of hanzketchup the Ruffian, a weakling TrMo (D:3)
  A crimson imp (D:3)
  13 gnolls
  4 adders
  2 worms (D:2)
  A giant gecko (D:1)
  10 orcs
  A ball python (D:3)
  5 giant cockroaches
  7 goblins
  10 hobgoblins
  17 jackals
  5 kobolds
  4 quokkas
  8 bats
  3 giant newts
  8 rats
  2 fungi (D:3)
102 creatures vanquished.

Vanquished Creatures (others)
  A fungus (D:3)
1 creature vanquished.

Grand Total: 103 creatures vanquished

Notes
Turn   | Place    | Note
--------------------------------------------------------------
     0 | D:1      | therealfakemoot the Gargoyle Fighter began the quest for the Orb.
     0 | D:1      | Reached XP level 1. HP: 14/14 MP: 1/1
   153 | D:1      | Reached skill level 3 in Maces & Flails
   153 | D:1      | Reached XP level 2. HP: 12/19 MP: 2/2
   341 | D:1      | Reached XP level 3. HP: 23/23 MP: 3/3
   922 | D:2      | Reached skill level 4 in Maces & Flails
   944 | D:2      | Reached XP level 4. HP: 25/28 MP: 4/4
  1327 | D:2      | Reached skill level 5 in Maces & Flails
  1327 | D:2      | Reached XP level 5. HP: 30/32 MP: 5/5
  2032 | D:3      | Reached skill level 1 in Staves
  2185 | D:3      | Found a burning altar of Makhleb.
  2185 | D:3      | Found a radiant altar of Vehumet.
  2315 | D:3      | Noticed hanzketchup's ghost (weakling TrMo)
  2350 | D:3      | Reached XP level 6. HP: 25/37 MP: 6/6
  2652 | D:3      | Killed hanzketchup's ghost
  3145 | D:3      | Mangled by an ogre

Skill      XL: |  1  2  3  4  5  6 |
---------------+-------------------+-----
Maces & Flails | 3 4 5 |  5.3
Staves         | 2 4 |  4.0
Fighting       | |  3.2
Armour         | |  3.2
Shields        | |  3.2

Action                   |  1- 3 |  4- 6 || total
-------------------------+-------+-------++-------
Melee: Flail             |   111 |   115 ||   226
       Quarterstaff      |       |   167 ||   167
  Use: Potion            |       |     2 ||     2
  Eat: Chunk             |       |     4 ||     4
       Fruit             |       |     5 ||     5
Armor: Scale mail        |    56 |   158 ||   214
Dodge: Dodged            |    25 |   134 ||   159
Block: Shield            |    49 |    77 ||   126
